 Dungeon Crawl Stone Soup version 0.28.0-53-g5a82cb258f (webtiles) character file.

Game seed: 7748874218513754252

546 protoss039 the Skirmisher (level 7, -2/54 HPs)
             Began as a Demonspawn Earth Elementalist on June 15, 2022.
             Slain by a hornet zombie (10 damage)
             ... on level 5 of the Dungeon.
             The game lasted 00:08:55 (5951 turns).

protoss039 the Skirmisher (DsEE)                    Turns: 5951, Time: 00:08:56

Health: -2/54      AC:  5    Str:  8    XL:     7   Next: 6%
Magic:  0/11       EV: 11    Int: 21    God:
Gold:   218        SH:  7    Dex: 13    Spells: 6/12 levels left

rFire   . . .      SeeInvis .   b - +2 rapier (venom)
rCold   . . .      Faith    .   i - +0 buckler
rNeg    . . .      Spirit   +   a - +0 leather armour
rPois   .          Reflect  .   q - +0 helmet
rElec   .          Harm     .   (no cloak)
rCorr   .          Rampage  .   s - +0 pair of gloves
Will    .....                   (no boots)
Stlth   ++........              (no amulet)
HPRegen 0.18/turn               (no ring)
MPRegen 0.24/turn               (no ring)

@: no status effects
A: claws 1, magic shield, magic regeneration, magic link, big brain 1,
condensation shield
a: no special abilities


You were on level 5 of the Dungeon.
You visited 1 branch of the dungeon, and saw 5 of its levels.
You also visited: Ossuary.

You collected 218 gold pieces.

Inventory:

Hand Weapons
 b - a +2 rapier of venom (weapon)
Missiles
 c - 43 stones
Armour
 a - a +0 leather armour (worn)
 i - a +0 buckler (worn)
 q - a +0 helmet (worn)
 s - a +0 pair of gloves (worn)
Wands
 p - a wand of polymorph (7)
Scrolls
 d - a scroll of immolation {unknown}
 e - a scroll of fear {unknown}
 f - 4 scrolls of magic mapping
 h - a scroll of identify
 l - 3 scrolls of fog
 m - a scroll of amnesia {unknown}
 n - a scroll of enchant weapon {unknown}
 r - a scroll of teleportation {unknown}
Potions
 g - a potion of heal wounds {unknown}
 j - a potion of degeneration {unknown}
 k - 3 potions of mutation
 o - a potion of curing
 t - a potion of cancellation {unknown}
 u - a potion of haste


   Skills:
 * Level 4.0 Fighting
 + Level 2.3 Armour
 - Level 1.7 Dodging
 - Level 1.7 Stealth
 + Level 3.2 Spellcasting
 - Level 3.0 Conjurations
 - Level 1.0 Transmutations
 + Level 3.8 Earth Magic


You had 6 spell levels left.
You knew the following spells:

 Your Spells              Type           Power      Damage    Failure   Level
a - Sandblast             Erth           38%        2d10      4%          1
b - Passwall              Tmut/Erth      10%        N/A       14%         2
c - Stone Arrow           Conj/Erth      34%        3d9       19%         3

Your spell library contained the following spells:

 Spells                   Type           Power      Damage    Failure   Level
 Magic Dart               Conj           64%        1d6       8%          1
 Searing Ray              Conj           32%        2d5       11%         2
 Petrify                  Tmut/Erth      13%        N/A       65%         4
 Fulminant Prism          Conj/Hex       4%         3d6       80%         4


Dungeon Overview and Level Annotations

Branches:
Dungeon (5/15)            Ossuary (visited)
 Temple: D:4-7

Altars:
Gozag

Shops:
D:3 (


Innate Abilities, Weirdness & Mutations

You have sharp fingernails.
When hurt, damage is shared between your health and your magic reserves.
You regenerate magic rapidly.
When low on magic, you restore magic in place of health.
You have an unusually large brain. (Int +2)
A meltable shield of frost defends you. (SH +4)


Message History

The blast of sand hits the hornet zombie but does no damage.
The hornet zombie is heavily damaged.
The hornet zombie completely misses you.
The hornet zombie hits you but does no damage.
Casting: Sandblast (safe; 4% risk of failure)
Confirm with . or Enter, or press ? or * to list all spells.
Aiming: Sandblast (safe; 4% risk of failure)
Press: ? - help, Shift-Dir - straight line, f/p - hornet zombie
Aim: a hornet zombie (heavily damaged, 82% to hit)
The blast of sand hits the hornet zombie.
The hornet zombie is severely damaged.
The hornet zombie hits you!
Unknown command.
Casting: Sandblast (safe; 4% risk of failure)
Confirm with . or Enter, or press ? or * to list all spells.
Aiming: Sandblast (safe; 4% risk of failure)
Press: ? - help, Shift-Dir - straight line, f/p - hornet zombie
Aim: a hornet zombie (severely damaged, 82% to hit)
The blast of sand hits the hornet zombie.
The hornet zombie is severely damaged.
The hornet zombie barely misses you.
Unknown command.
Casting: Sandblast (safe; 4% risk of failure)
Confirm with . or Enter, or press ? or * to list all spells.
Aiming: Sandblast (safe; 4% risk of failure)
Press: ? - help, Shift-Dir - straight line, f/p - hornet zombie
Aim: a hornet zombie (severely damaged, 82% to hit)
The blast of sand hits the hornet zombie.
The hornet zombie is severely damaged.
The hornet zombie hits you!
* * * LOW HITPOINT WARNING * * *
Casting: Sandblast (safe; 4% risk of failure)
Confirm with . or Enter, or press ? or * to list all spells.
Aiming: Sandblast (safe; 4% risk of failure)
Press: ? - help, Shift-Dir - straight line, f/p - hornet zombie
Aim: a hornet zombie (severely damaged, 82% to hit)
The blast of sand hits the hornet zombie.
The hornet zombie is almost destroyed.
The hornet zombie barely misses you. The hornet zombie hits you!
You die...

...##
#......###.........##. ..##
#.....## #............ ..#
#......###..........#
##.####.>.................#
#..........###.........#
#..###...## #.........#
#.## #..## ##........# # #
##...#####........##
#.....##.@Z#...##..## .#
#...##....###..####..##....
.....# ##..## #..# #......#
....# #........##........#
..... #...................#
#...# .#######............#
.. .. #...##.......# ..#
#.#........... ...
.......##.....


You could see a hornet zombie.

Vanquished Creatures
  Eustachio (D:4)
  An ogre (D:4)
  An orc priest (D:3)
  A bullfrog skeleton (D:5)
  Jessica (D:2)
  Natasha (thrice) (D:3)
  An iguana (D:4)
  A mummy (D:4)
  Robin (D:3)
  An adder (D:2)
  An adder skeleton (D:5)
  6 orcs (D:3)
  9 endoplasms
  4 giant cockroaches
  13 goblins
  11 hobgoblins
  5 jackals
  4 quokkas
  10 ball pythons
  5 bats
  2 frilled lizards
  8 kobolds
  3 kobold zombies (Ossuary)
  An orc zombie (Ossuary)
  4 rats
98 creatures vanquished.

Notes
Turn   | Place    | Note
-------+----------+-------------------------------------------
     0 | D:1      | protoss039 the Demonspawn Earth Elementalist began the
                  | quest for the Orb.
     0 | D:1      | Reached XP level 1. HP: 13/13 MP: 3/3
    53 | D:1      | Reached skill level 1 in Transmutations
   559 | D:1      | Gained mutation: A meltable shield of frost defends you.
                  | (SH +4) [demonic ancestry]
   559 | D:1      | Reached XP level 2. HP: 20/20 MP: 5/5
   564 | D:1      | Reached skill level 1 in Fighting
  1101 | D:1      | Found a faded altar of an unknown god.
  1394 | D:1      | Learned a level 2 spell: Passwall
  1529 | D:2      | Gained mutation: You regenerate magic rapidly. [demonic
                  | ancestry]
  1529 | D:2      | Reached XP level 3. HP: 23/26 MP: 1/6
  1629 | D:2      | Noticed Jessica
  1635 | D:2      | Killed Jessica
  1636 | D:2      | Reached skill level 2 in Fighting
  1636 | D:2      | Reached skill level 1 in Armour
  2020 | D:2      | Found an opulent altar of Gozag.
  2342 | D:2      | Gained mutation: You have an unusually large brain. (Int
                  | +2) [demonic ancestry]
  2342 | D:2      | Reached XP level 4. HP: 30/33 MP: 4/7
  2829 | D:2      | Learned a level 3 spell: Stone Arrow
  2830 | D:3      | Noticed Robin
  3079 | D:3      | Noticed Natasha
  3084 | D:3      | Killed Natasha
  3101 | D:3      | Noticed Natasha
  3121 | D:3      | Killed Natasha
  3122 | D:3      | Reached skill level 1 in Conjurations
  3122 | D:3      | Gained mutation: You have sharp fingernails. [demonic
                  | ancestry]
  3122 | D:3      | Reached XP level 5. HP: 12/39 MP: 1/9
  3561 | D:3      | Noticed Natasha
  3562 | D:3      | Killed Robin
  3719 | D:3      | Killed Natasha
  3950 | D:3      | Reached skill level 3 in Fighting
  4312 | D:3      | Found Ykoaculo's Antique Weapon Shoppe.
  4870 | D:4      | Found a sand-covered staircase.
  4896 | D:4      | Noticed Eustachio
  4918 | D:4      | Killed Eustachio
  4919 | D:4      | Gained mutation: When hurt, damage is shared between your
                  | health and your magic reserves. [demonic ancestry]
  4919 | D:4      | Reached XP level 6. HP: 25/47 MP: 4/10
  4933 | Ossuary  | Entered an ossuary
  5508 | D:4      | Gained mutation: When low on magic, you restore magic in
                  | place of health. [demonic ancestry]
  5508 | D:4      | Reached XP level 7. HP: 53/53 MP: 11/11
  5804 | D:5      | Entered Level 5 of the Dungeon
  5859 | D:5      | Reached skill level 4 in Fighting
  5951 | D:5      | Slain by a hornet zombie

Illustrated notes

Levels and vault maps discovered:
D:1:      lightli_arrival_windingriver, layout_basic,
          shapermc_ecumenical_altar_mp_ritualfount, minmay_tall_x
D:2:      minmay_skewed_foursquare, layout_basic, basic_altar, uniq_jessica
D:3:      layout_basic, serial_shops, shop_coins, bh_walls_and_bars, uniq_robin,
          uniq_natasha
D:4:      layout_loops_ring, nicolae_ossuary_entry_monument,
          kennysheep_generic_room_4, uniq_eustachio
D:5:      layout_layer_cave, gup_sewer_entry_spiral, uniq_edmund

Skill      XL: |  1  2  3  4  5  6  7 |
---------------+----------------------+-----
Transmutations | 1 |  1.0
Fighting       | 1 2 3 4 |  4.0
Armour         | 1 2 |  2.3
Earth Magic    | 3 |  3.8
Conjurations   | 1 2 3 |  3.0
Spellcasting   | 3 |  3.2
Dodging        | |  1.7
Stealth        | |  1.7

Action                   |  1- 3 |  4- 6 |  7- 9 || total
-------------------------+-------+-------+-------++-------
Melee: Dagger            |    59 |       |       ||    59
       Unarmed           |     4 |    10 |       ||    14
       Club              |    39 |   115 |       ||   154
       Punch             |     1 |       |       ||     1
       Rapier            |       |    52 |     7 ||    59
 Cast: Sandblast         |    30 |    38 |     8 ||    76
       Stone Arrow       |       |     6 |     7 ||    13
  Use: Scroll            |       |     3 |     2 ||     5
       Potion            |       |     1 |       ||     1
 Stab: Sleeping          |     1 |     3 |       ||     4
Armor: Leather armour    |    44 |    40 |     2 ||    86
       Robe              |     3 |       |       ||     3
Dodge: Dodged            |    73 |   110 |    12 ||   195
Block: Buckler           |    23 |    81 |     6 ||   110
       Other             |     8 |     1 |       ||     9
